 Dungeon Crawl Stone Soup version 0.16-b1 (webtiles) character file.

331 McCoppin the Covert (level 6, 0/52 HPs)
             Began as a Kobold Assassin on Mar 10, 2015.
             Slain by a gnoll
             ... wielding a +0 whip
              (4 damage)
             ... on level 4 of the Dungeon.
             The game lasted 00:10:40 (1810 turns).

McCoppin the Covert (Kobold Assassin)               Turns: 1810, Time: 00:10:40

Health: 0/52       AC:  3    Str: 14    XL:     6   Next: 82%
Magic:  6/6        EV: 14    Int:  9    God:
Gold:   56         SH:  0    Dex: 20    Spells: 0 memorised, 5 levels left

rFire  . . .     SeeInvis .     a - +2 dagger (speed)
rCold  . . .     Clarity  .     c - +0 robe
rNeg   . . .     SustAb   .     (no shield)
rPois  .         Gourm    .     (no helmet)
rElec  .         Spirit   .     d - +0 cloak
rCorr  .         Warding  .     (no gloves)
rMut   .         Stasis   .     (no boots)
MR     .....                    (no amulet)
Stlth  ..........               (no ring)
                                (no ring)

@: berserking, drained, very quick, not resistant to hostile enchantments,
extremely unstealthy
A: carnivore 3
a: no special abilities


You were on level 4 of the Dungeon.
You were full.

You visited 1 branch of the dungeon, and saw 4 of its levels.

You collected 56 gold pieces.

Inventory:

Hand weapons
 a - a +2 dagger of speed (weapon)
 b - a +0 blowgun
 i - a +3 short sword of draining
 s - a +2 dagger
Missiles
 e - 14 poisoned needles
 f - 6 curare-tipped needles
Armour
 c - a +0 robe (worn)
 d - a +0 cloak (worn)
 p - a cursed +0 chain mail
Magical devices
 k - a wand of random effects (19)
Scrolls
 j - 2 scrolls of remove curse {unknown}
 o - 3 scrolls of magic mapping {unknown}
 q - a scroll of enchant armour
 r - a scroll of blinking {unknown}
Potions
 h - a potion of cure mutation {unknown}
 m - a potion of curing
 n - a potion of invisibility {unknown}
 t - a potion of might {unknown}
Comestibles
 g - 2 meat rations


   Skills:
 - Level 2.1 Fighting
 - Level 2.6(2.5) Short Blades
 - Level 2.6(2.5) Throwing
 - Level 1.2(1.1) Dodging
 + Level 10.5(10.4) Stealth


You had 5 spell levels left.
You didn't know any spells.

Dungeon Overview and Level Annotations

Branches:
Dungeon (4/15)
 Temple: D:4-7

Altars:
Fedhas
Zin

Annotations:
D:3 herpmino's ghost, weakling DsGl
D:4 herpmino's ghost, average DsFi


Innate Abilities, Weirdness & Mutations

You are small and have problems with some larger weapons.
You are carnivorous and can eat meat at any time.


Message History

The floor.
You hit herpmino's ghost.
Herpmino's ghost is severely damaged.
You hit herpmino's ghost but do no damage.
Herpmino's ghost is severely damaged.
You hit herpmino's ghost.
Herpmino's ghost is severely damaged.
Herpmino's ghost hits you!
You barely miss herpmino's ghost.
Herpmino's ghost is severely damaged.
You hit herpmino's ghost but do no damage.
Herpmino's ghost is severely damaged.
You barely miss herpmino's ghost.
Herpmino's ghost is severely damaged.
Herpmino's ghost hits you!
* * * LOW HITPOINT WARNING * * *
You hit the gnoll.
The gnoll is moderately wounded.
The gnoll hits you with a whip.
You die...

###.############.#
#........#
#.#....W.......#
#<.......#
###.#W############
#........###
..#.#.#..g.....(.#
#...........
#.#.#.#........#.#
#........##.
#.#.#.#....g...#g#
#........##.
..#.#......#..[#.#
#........##.
###.#.##.#.#.#.#g#
#........##.
....####.#.#.#.#@#
####+######.
########.#.#.#.#W#
#......
.........#.#...#.#
#.#####
########...#####.###
#.##### # #W###
#.....# #...... #
#.# #.#.#.# #######
# #.# #...#W#
....... #
#.#########.# ######
. #......W....#


You could see herpmino's ghost and 2 gnolls.

Vanquished Creatures
  An ogre (D:4)
  Duvessa (D:4)
  Dowan (D:4)
  A centaur skeleton (D:4)
  A hound (D:4)
  A worker ant (D:3)
  Terence (D:3)
  2 adders (D:4)
  A gnoll (D:4)
  3 orcs (D:3)
  2 bats
  A hobgoblin (D:3)
  A quokka (D:3)
  3 ball pythons
  A ball python skeleton (D:4)
  A giant cockroach (D:4)
  2 giant geckos
  A giant newt (D:3)
  3 kobolds
  A rat (D:2)
29 creatures vanquished.

Notes
Turn   | Place    | Note
--------------------------------------------------------------
     0 | D:1      | McCoppin, the Kobold Assassin, began the quest for the Orb.
     0 | D:1      | Reached XP level 1. HP: 12/12 MP: 1/1
    56 | D:2      | Found a glowing silver altar of Zin.
   160 | D:3      | Noticed a worker ant
   170 | D:3      | Killed a worker ant
   170 | D:3      | Reached skill level 6 in Stealth
   170 | D:3      | Reached XP level 2. HP: 17/17 MP: 2/2
   170 | D:3      | Reached XP level 3. HP: 21/21 MP: 3/3
   268 | D:3      | Noticed herpmino's ghost (weakling DsGl)
   386 | D:3      | Noticed Terence
   396 | D:3      | Reached skill level 7 in Stealth
   416 | D:3      | Killed Terence
   416 | D:3      | Reached XP level 4. HP: 26/26 MP: 4/4
   952 | D:4      | Reached skill level 8 in Stealth
  1001 | D:4      | Noticed an ogre
  1014 | D:4      | Killed an ogre
  1014 | D:4      | Reached skill level 9 in Stealth
  1014 | D:4      | Reached XP level 5. HP: 30/30 MP: 5/5
  1139 | D:4      | Noticed Duvessa
  1139 | D:4      | Noticed Dowan
  1152 | D:4      | Killed Dowan
  1152 | D:4      | Reached XP level 6. HP: 35/35 MP: 6/6
  1165 | D:4      | Killed Duvessa
  1165 | D:4      | Reached skill level 10 in Stealth
  1349 | D:4      | Found a blossoming altar of Fedhas.
  1730 | D:4      | Noticed herpmino's ghost (average DsFi)
  1810 | D:4      | Slain by a gnoll

Action                   |  1- 3 |  4- 6 || total
-------------------------+-------+-------++-------
Melee: Dagger            |     4 |    66 ||    70
 Fire: Blowgun           |    15 |    24 ||    39
  Use: Scroll            |       |     5 ||     5
       Potion            |       |     1 ||     1
 Stab: Sleeping          |     7 |     8 ||    15
       Distracted        |       |     1 ||     1
  Eat: Meat ration       |       |     1 ||     1
       Chunk             |       |     1 ||     1
